 Dungeon Sprint DCSS version 0.21-a0-434-g806c6c2 (webtiles) character file.

42 Crelarid the Charmwright (level 3, -4/33 HPs)
             Began as a Gnoll Skald on Nov 8, 2017.
             Was a Believer of Yredelemnul.
             Slain by an iron imp (8 damage)
             ... in the Dungeon (Sprint VII: "The Pits").
             The game lasted 00:02:35 (358 turns).

Crelarid the Charmwright (Gnoll Skald)               Turns: 358, Time: 00:02:36

Health: -4/33      AC:  3    Str: 14    XL:     3   Next: 56%
Magic:  9/9        EV: 14    Int: 15    God:    Yredelemnul [**....]
Gold:   0          SH:  0    Dex: 14    Spells: 11/12 levels left

rFire    . . .     SeeInvis .   a - +0 falchion
rCold    . . .     Gourm    .   (no shield)
rNeg     . . .     Faith    .   b - +0 leather armour
rPois    .         Spirit   .   (no helmet)
rElec    .         Reflect  .   (no cloak)
rCorr    .         Harm     .   (no gloves)
MR       .....     NoTele   +   (no boots)
Stlth    ++........             (no amulet)
HPRegen  0.11/turn              (no ring)
MPRegen  0.11/turn              (no ring)

@: no status effects
A: distributed training, fangs 1, strong nose
a: Animate Remains, Recall Undead Slaves, Injury Mirror, Renounce Religion


You were in the Dungeon.
You worshipped Yredelemnul.
Yredelemnul was pleased with you.
You were not hungry.

You visited 1 branch

Inventory:

Hand Weapons
 a - a +0 falchion (weapon)
 k - a +2 falchion
Armour
 b - a +0 leather armour (worn)
Scrolls
 j - a scroll of blinking
 m - 3 scrolls of remove curse
 n - 5 scrolls of amnesia
 o - a scroll of summoning
Potions
 g - a potion of haste
 h - 4 potions of magic
 i - 3 potions of berserk rage
 l - 2 potions of invisibility
Books
 c - a book of Battle

   Spells                             Type                      Level
   a - Infusion                       Charms                       1
   b - Shroud of Golubria             Charms/Translocation         2
   c - Song of Slaying                Charms                       2
   d - Spectral Weapon                Hexes/Charms                 3
   e - Regeneration                   Charms/Necromancy            3
Comestibles
 d - 8 bread rations
 p - 40 fruits
 q - 7 meat rations


   Skills:
 + Level 5.0 Fighting
 + Level 2.0 Short Blades
 + Level 5.0 Long Blades
 + Level 2.0 Axes
 + Level 2.0 Maces & Flails
 + Level 2.0 Polearms
 + Level 2.0 Staves
 + Level 2.0 Slings
 + Level 2.0 Bows
 + Level 2.0 Crossbows
 + Level 2.0 Throwing
 + Level 3.3 Armour
 + Level 5.0 Dodging
 + Level 2.0 Stealth
 + Level 2.0 Shields
 + Level 2.0 Unarmed Combat
 + Level 5.4 Spellcasting
 + Level 1.6 Conjurations
 + Level 1.6 Hexes
 + Level 5.7 Charms
 + Level 1.6 Summonings
 + Level 1.6 Necromancy
 + Level 1.6 Translocations
 + Level 1.6 Transmutations
 + Level 1.6 Fire Magic
 + Level 1.6 Ice Magic
 + Level 1.6 Air Magic
 + Level 1.6 Earth Magic
 + Level 1.6 Poison Magic
 + Level 2.2 Invocations
 + Level 2.0 Evocations


You had 11 spell levels left.
You knew the following spells:

 Your Spells              Type           Power        Failure   Level  Hunger
a - Infusion              Chrm           ###.         1%          1    None


Dungeon Overview and Level Annotations

Branches:
Dungeon (1/1)

Altars:
Ashenzari
Cheibriados
Dithmenos
Elyvilon
Fedhas
Gozag
Hepliaklqana
Kikubaaqudgha
Makhleb
Nemelex Xobeh
Okawaru
Qazlal
Ru
Sif Muna
Trog
Uskayaw
Vehumet
Wu Jian
Xom
Yredelemnul
Zin
The Shining One
Beogh
Jiyva
Lugonu


Innate Abilities, Weirdness & Mutations

Your experience applies equally to all skills.
You have very sharp teeth.
Your uncanny sense of smell can sniff out nearby items.


Message History

The iron imp is lightly wounded.
The rat misses you. The iron imp hits you.
Your giant cockroach zombie bites the iron imp but does no damage.
You hit the iron imp but do no damage.
You bite the iron imp, but do no damage.
The iron imp is lightly wounded.
The rat closely misses you.
Your giant cockroach zombie bites the iron imp.
The iron imp hits you!
* * * LOW HITPOINT WARNING * * *
You completely miss the iron imp.
You punch the iron imp, but do no damage.
The iron imp is lightly wounded.
The rat misses you.
You riposte.
You hit the rat.
You kill the rat!
Yredelemnul accepts your kill.
Your giant cockroach zombie bites the iron imp but does no damage.
The iron imp hits you!
You die...
Your body rises from the dead as a mindless zombie.

#.?(.')))'.##......#..#
##########.##..........
#...........'..........
#+#####)#####......#..#
#..#...'.##..........
#..#...#.#####'#####+
#..#####.##.......#
#..'Z..#.##.......#
#..5@..'.##.......#
#..########...<...# #..
∆∆∆∆∆ #.......# #.5
∆∆∆∆∆ #.......# ###
#.......# #########
∆∆∆∆


You could see an iron imp and a friendly giant cockroach zombie.

Vanquished Creatures
  A worker ant (D)
  An adder (D)
  An ufetubus (D)
  A giant cockroach (D)
  A goblin (D)
  A bat (D)
  A frilled lizard (D)
  A rat (D)
8 creatures vanquished.

Notes
Turn   | Place    | Note
-------+----------+-------------------------------------------
     0 | D        | Crelarid the Gnoll Skald began the quest for the Orb.
     0 | D        | Reached XP level 1. HP: 20/20 MP: 6/6
    25 | D        | Reached skill level 1 in Short Blades
    25 | D        | Reached skill level 1 in Axes
    25 | D        | Reached skill level 1 in Maces & Flails
    25 | D        | Reached skill level 1 in Polearms
    25 | D        | Reached skill level 1 in Staves
    25 | D        | Reached skill level 1 in Slings
    25 | D        | Reached skill level 1 in Bows
    25 | D        | Reached skill level 1 in Crossbows
    25 | D        | Reached skill level 1 in Throwing
    25 | D        | Reached skill level 1 in Stealth
    25 | D        | Reached skill level 1 in Shields
    25 | D        | Reached skill level 1 in Unarmed Combat
    25 | D        | Reached skill level 5 in Spellcasting
    25 | D        | Reached skill level 1 in Invocations
    25 | D        | Reached skill level 1 in Evocations
    25 | D        | Reached XP level 2. HP: 22/26 MP: 8/8
    58 | D        | Found a bloodstained altar of Trog.
    58 | D        | Found a deep blue altar of Sif Muna.
    58 | D        | Found a viscous altar of Jiyva.
    58 | D        | Found a hazy altar of Hepliaklqana.
    58 | D        | Found an opulent altar of Gozag.
    59 | D        | Found a glowing golden altar of the Shining One.
    59 | D        | Found a glowing silver altar of Zin.
    59 | D        | Found a basalt altar of Yredelemnul.
    59 | D        | Found a shimmering altar of Xom.
    59 | D        | Found an ornate altar of the Wu Jian Council.
    59 | D        | Found a sacrificial altar of Ru.
    59 | D        | Found a stormy altar of Qazlal.
    59 | D        | Found an iron altar of Okawaru.
    59 | D        | Found a sparkling altar of Nemelex Xobeh.
    59 | D        | Found a burning altar of Makhleb.
    59 | D        | Found a blossoming altar of Fedhas.
    59 | D        | Found a white marble altar of Elyvilon.
    59 | D        | Found a shadowy altar of Dithmenos.
    59 | D        | Found a snail-covered altar of Cheibriados.
    61 | D        | Found a radiant altar of Vehumet.
    61 | D        | Found a corrupted altar of Lugonu.
    61 | D        | Found a roughly hewn altar of Beogh.
    62 | D        | Found a hide-covered altar of Uskayaw.
    62 | D        | Found an ancient bone altar of Kikubaaqudgha.
    62 | D        | Found a shattered altar of Ashenzari.
    68 | D        | Became a worshipper of Yredelemnul the Dark
    87 | D        | Reached skill level 1 in Conjurations
    87 | D        | Reached skill level 1 in Hexes
    87 | D        | Reached skill level 1 in Summonings
    87 | D        | Reached skill level 1 in Necromancy
    87 | D        | Reached skill level 1 in Translocations
    87 | D        | Reached skill level 1 in Transmutations
    87 | D        | Reached skill level 1 in Fire Magic
    87 | D        | Reached skill level 1 in Ice Magic
    87 | D        | Reached skill level 1 in Air Magic
    87 | D        | Reached skill level 1 in Earth Magic
    87 | D        | Reached skill level 1 in Poison Magic
   223 | D        | Reached * piety under Yredelemnul
   249 | D        | Reached skill level 5 in Fighting
   249 | D        | Reached skill level 5 in Long Blades
   249 | D        | Reached skill level 5 in Dodging
   249 | D        | Reached XP level 3. HP: 16/33 MP: 9/9
   251 | D        | Reached ** piety under Yredelemnul
   358 | D        | Slain by an iron imp

Vault maps used:
D:        pitsprint

Skill      XL: |  1  2 |
---------------+-------+-----
Short Blades   | 1 2 |  2.0
Axes           | 1 2 |  2.0
Maces & Flails | 1 2 |  2.0
Polearms       | 1 2 |  2.0
Staves         | 1 2 |  2.0
Slings         | 1 2 |  2.0
Bows           | 1 2 |  2.0
Crossbows      | 1 2 |  2.0
Throwing       | 1 2 |  2.0
Stealth        | 1 2 |  2.0
Shields        | 1 2 |  2.0
Unarmed Combat | 1 2 |  2.0
Spellcasting   | 5 |  5.4
Invocations    | 1 2 |  2.2
Evocations     | 1 2 |  2.0
Conjurations   | 1 |  1.6
Hexes          | 1 |  1.6
Summonings     | 1 |  1.6
Necromancy     | 1 |  1.6
Translocations | 1 |  1.6
Transmutations | 1 |  1.6
Fire Magic     | 1 |  1.6
Ice Magic      | 1 |  1.6
Air Magic      | 1 |  1.6
Earth Magic    | 1 |  1.6
Poison Magic   | 1 |  1.6
Fighting       | 5 |  5.0
Long Blades    | 5 |  5.0
Armour         | 3 |  3.3
Dodging        | 5 |  5.0
Charms         | |  5.7

Action                   || total
-------------------------++-------
Melee: Falchion          ||    39
       Bite              ||     9
       Punch             ||     1
Invok: Animate Remains   ||     1
  Use: Potion            ||     2
Armor: Leather armour    ||     9
Dodge: Dodged            ||    39
       Rpst.: Falchion   ||     9

Table legend:
 A = Spawn XP
 B = Non-spawn XP
 C = Spawn XP percentage of total XP
 D = Spawn monster count
 E = Non-spawn monster count
 F = Spawn count percentage of total count
 G = Total turns spent on level
                    A         B        C        D         E        F      G
               +---------+---------+-------+---------+---------+-------+---------
         Total |       0 |      61 |   0.0 |       0 |       8 |   0.0 |   358
               +---------+---------+-------+---------+---------+-------+---------
             D |       0 |      61 |   0.0 |       0 |       8 |   0.0 |   358
               +---------+---------+-------+---------+---------+-------+---------
